AoeStats
← Blights

Migration

510210245Analyzed
1v1 RM · 3d ago on Sep 30, 2026· 19m 52s· 2 players
Game mode
Random Map
Map size
132×132
Population
200
Speed
Normal
Resources
Standard
Victory
Conquest
Starting age
Dark Age
Ending age
Imperial Age
RankedLock teamsTeams togetherTeam positionsShared explorationLock speedFull tech treeHidden civsTurbo modeCheats
Victory
Defeat
🇬🇧 Khmer · United Kingdom
611
+17
🇦🇷 Byzantines · Argentina
638
-17
Blights
5:16 Loom
13:59 Feudal Age
13:16 Loom
19:19 Castle Age
17:29 Fletching
18:00 Forging
18:11 Horse Collar
18:19 Double-Bit Axe
18:20 Fishing Lines
TheMandalorian
12:40 Loom
14:26 Feudal Age
18:28 Fishing Lines
22:12 Castle Age
Connection lost

Rejoining the realm…

Still unreachable

The connection could not be restored.

Session expired

The server has moved on; the page needs a fresh start.